 Dungeon Sprint DCSS version 0.19.0-19-g8c6edcc (webtiles) character file.

50429 equalderp2856 the Eviscerator (level 13, -16/61 HPs)
             Began as a Felid Fighter on Nov 12, 2016.
             Killed from afar by a nagaraja (40 damage)
             ... with a poison arrow
             ... in the Dungeon (Sprint IX: "|||||||||||||||||||||||||||||").
             The game lasted 01:51:47 (20074 turns).

equalderp2856 the Eviscerator (Felid Fighter)      Turns: 20074, Time: 01:51:47

Health: -16/61     AC:  3    Str: 13    XL:     13   Next: 58%
Magic:  29/35      EV: 38    Int: 10    God:
Gold:   403        SH:  0    Dex: 31    Spells: 14 memorised, 14 levels left
                                        Lives:  0   Deaths: 4

rFire  . . .     SeeInvis +       - Unarmed
rCold  + . .     Gourm    .     (armour unavailable)
rNeg   . . .     Faith    .     (shield unavailable)
rPois  .         Spirit   .     (helmet unavailable)
rElec  .         Reflect  .     (cloak unavailable)
rCorr  .         Harm     .     (gloves unavailable)
MR     +....     NoTele   +     (boots unavailable)
Stlth  +++++++++.               N - amulet of regeneration
                                L - +6 ring of dexterity
                                K - +6 ring of dexterity

@: lethally poisoned (-16 -> -41), quick
A: no armour, no weapons or thrown items, stealth, claws 1, fangs 3, see
invisible, carnivore 3, speed 1, shaggy fur 3, slow metabolism 1, sharp paws
a: no special abilities
}: 1/15 runes: gossamer


You were in the Dungeon.
You were not hungry.

You visited 1 branch You collected 1943 gold pieces.
You spent 1540 gold pieces at shops.

Inventory:

Hand Weapons
 i - a +0 whip
 v - a +0 spear
 x - a cursed +0 club
 y - a +0 flail
 z - a +0 giant club
 A - a cursed -1 giant spiked club
 B - a +0 giant spiked club
Armour
 w - a +0 robe
 C - a +0 robe
 D - a +0 robe
Jewellery
 n - a +2 ring of evasion
 o - a +3 ring of dexterity
 r - an uncursed ring of protection from fire
 s - an uncursed ring of protection from cold
 t - an uncursed ring of protection from fire
 F - an uncursed ring of see invisible
 K - a +6 ring of dexterity (left paw)
 L - a +6 ring of dexterity (right paw)
 M - a +2 ring of slaying
 N - an amulet of regeneration (around neck)
Wands
 m - a wand of iceblast (7/15)
Scrolls
 h - 2 scrolls of blinking
 k - 5 scrolls of remove curse
 l - 2 scrolls of amnesia
 p - a scroll of recharging
 u - 2 scrolls of identify
 P - a scroll of fog
 Q - 4 scrolls of fear
Potions
 a - 4 potions of might
 c - a potion of invisibility
 d - 2 potions of heal wounds
 e - 4 potions of haste
 f - 4 potions of magic
 g - 4 potions of berserk rage
 q - a potion of flight {unknown}
 G - a potion of brilliance {unknown}
 O - a potion of cure mutation
Books
 E - a book of Minor Magic

   Spells                             Type                      Level
   a - Magic Dart                     Conjuration                  1
   b - Blink                          Translocation                2
   c - Call Imp                       Summoning                    2
   d - Repel Missiles                 Charms/Air                   2
   e - Slow                           Hexes                        2
   f - Conjure Flame                  Conjuration/Fire             3
   g - Mephitic Cloud                 Conjuration/Poison/Air       3
 H - a book of Cantrips

   Spells                             Type                      Level
   a - Confusing Touch                Hexes                        1
   b - Animate Skeleton               Necromancy                   1
   c - Summon Small Mammal            Summoning                    1
   d - Apportation                    Translocation                1
 I - a book of Burglary

   Spells                             Type                      Level
   a - Swiftness                      Charms/Air                   2
   b - Passwall                       Transmutation/Earth          2
   c - Passage of Golubria            Translocation                4
   d - Lee's Rapid Deconstruction     Earth                        5
   e - Darkness                       Hexes                        6
   f - Invisibility                   Hexes                        6
 J - a book of Maledictions

   Spells                             Type                      Level
   a - Corona                         Hexes                        1
   b - Ensorcelled Hibernation        Hexes/Ice                    2
   c - Confuse                        Hexes                        3
   d - Tukima's Dance                 Hexes                        3
   e - Dazzling Spray                 Conjuration/Hexes            3
Comestibles
 b - 7 meat rations


   Skills:
 + Level 9.8 Fighting
 + Level 17.3 Dodging
 + Level 21.0 Stealth
 + Level 24.9 Unarmed Combat
 * Level 17.3 Spellcasting
 + Level 10.3 Conjurations
 * Level 16.5 Hexes
 + Level 4.5 Charms
 + Level 5.3 Translocations
 + Level 9.4 Fire Magic
 + Level 2.7 Ice Magic
 - Level 1.7 Air Magic


You had 14 spell levels left.
You knew the following spells:

 Your Spells              Type           Power        Failure   Level  Hunger
a - Magic Dart            Conj           ####         1%          1    None
b - Blink                 Tloc           N/A          1%          2    None
c - Repel Missiles        Chrm/Air       ##....       3%          2    None
d - Slow                  Hex            #####...     0%          2    None
e - Conjure Flame         Conj/Fire      ####....     1%          3    None
f - Animate Skeleton      Necr           N/A          10%         1    None
g - Summon Small Mammal   Summ           #...         10%         1    None
h - Passwall              Tmut/Erth      #.........   12%         2    None
i - Swiftness             Chrm/Air       ##......     3%          2    None
j - Corona                Hex            #####..      0%          1    None
k - Passage of Golubria   Tloc           N/A          10%         4    ###....
l - Ensorcelled Hibernat  Hex/Ice        ####..       1%          2    None
m - Invisibility          Hex            #####...     1%          6    ######.
n - Confuse               Hex            #####...     1%          3    None


Dungeon Overview and Level Annotations

Branches:
Dungeon (1/1)

Altars:
Cheibriados
Dithmenos
Elyvilon
Fedhas
Gozag
Hepliaklqana
Kikubaaqudgha
Makhleb
Nemelex Xobeh
Okawaru
Qazlal
Ru
Sif Muna
Trog
Uskayaw
Vehumet
Xom
Yredelemnul
Zin
The Shining One
Beogh
Jiyva
Lugonu

Shops:
D **=:


Innate Abilities, Weirdness & Mutations

You cannot wear armour.
You are incapable of wielding weapons or throwing items.
Your paws allow you to move quietly. (Stealth)
You have sharp claws.
You have razor-sharp teeth.
You have supernaturally acute eyesight. (SInv)
You are carnivorous and can eat meat at any time.
You cover ground quickly.
Your thick and shaggy fur keeps you warm. (AC +3, rC+)
You have a slow metabolism.
Your sharp claws are effective at attacking unaware monsters.


Message History

The orb of energy misses you. The nagaraja spits poison at you.
The splash of poison misses you.
Things that are here:
a spear; a robe; a naga corpse
Casting: Corona
Confirm with . or Enter, or press ? or * to list all spells.
Aiming: Conjure Flame
Press: ? - help, Dir - move target cursor, p - nagaraja The fire roars!
The nagaraja points at you and mumbles some strange words.
The bolt of poison hits you!
You are poisoned.
Ouch! That really hurt!
Your magical contamination has completely faded away.
You feel sick.
The nagaraja points at you and mumbles some strange words.
The poison arrow hits you!
You are lethally poisoned!
Ouch! That really hurt!
You die...

.▓[▓.▓.▓.▓.▓.▓.▓.▓N▓
.▓[▓.▓.▓.▓.▓)▓)▓.▓N▓
.▓[▓.▓.▓.▓.▓.▓)▓.▓N▓
.▓[▓.▓'▓.▓.▓)▓)▓.▓N▓
.▓[▓.♣.♣.▓.▓(▓)▓.▓.▓
.▓.▓.♣.♣.▓.▓.▓)▓.▓N▓
.▓)▓.♣.♣.▓.▓.▓)▓.▓.▓
.▓)▓.♣.♣.▓.▓.▓.▓.▓N▓
.▓)▓.♣.♣[▓)▓.▓.▓@▓.▓
.▓)▓.♣.♣.▓(▓.▓.▓)▓.▓
.▓)▓(♣.♣.▓)▓.▓.▓.▓.▓
.▓)▓.♣.♣.▓'▓.▓.▓§▓†▓
.▓)▓.♣)♣.▓(▓.▓"▓N▓N▓
.▓)▓)♣'♣(▓.▓.▓.▓.▓.▓
.▓.▓.▓.▓.▓(▓.▓(▓.▓.▓
.▓.▓.▓.▓.▓)▓.▓(▓.▓.▓
.▓.▓.▓.▓.▓(▓.▓'▓.▓.▓


You could see a nagaraja.

Vanquished Creatures
  Nikola (D)
  Rupert (D)
  Agnes (D)
  A thorn hunter (D)
  Donald (D)
  2 nagarajas (D)
  A fire giant (D)
  A frost giant (D)
  2 ghost moths (D)
  4 emperor scorpions (D)
  3 very ugly things (D)
  3 ironheart preservers (D)
  4 stone giants (D)
  2 entropy weavers (D)
  3 ettins (D)
  3 yaktaur captains (D)
  A great orb of eyes (D)
  2 fire dragons (D)
  3 hydras (D)
  2 naga warriors (D)
  A merfolk avatar (D)
  A death knight (D)
  A catoblepas (D)
  2 centaur warriors (D)
  5 ogre magi (D)
  2 death yaks (D)
  2 deep troll shamans (D)
  2 tengu warriors (D)
  A spriggan berserker (D)
  Urug (D)
  A shock serpent (D)
  A salamander mystic (D)
  A sea snake (D)
  2 wizards (D)
  A spriggan druid (D)
  A hill giant (D)
  2 deep elf archers (D)
  A harpy (D)
  A mana viper (D)
  A deep elf mage (D)
  4 wolf spiders (D)
  An orc sorcerer (D)
  2 cyclopes (D)
  2 moths of wrath (D)
  Maurice (D)
  2 black mambas (D)
  A siren (D)
  A guardian serpent (D)
  3 spiny frogs (D)
  2 water nymphs (D)
  A vault sentinel (D)
  4 yaktaurs (D)
  2 rime drakes (D)
  3 demonic crawlers (D)
  A freezing wraith (D)
  A merfolk (D)
  A tyrant leech (D)
  3 jumping spiders (D)
  A wind drake (D)
  6 two-headed ogres (D)
  5 slime creatures (D)
  A blink frog (D)
  A hippogriff (D)
  A snapping turtle (D)
  2 redbacks (D)
  3 shadows (D)
  8 yaks (D)
  A tarantella (D)
  A vampire mosquito (D)
  A mottled dragon (D)
  A naga (D)
  2 water moccasins (D)
  A floating eye (D)
  A porcupine (D)
  A swamp drake (D)
  8 orc warriors (D)
  2 wolves (D)
  3 crocodiles (D)
  2 ogres (D)
  2 bullfrogs (D)
  A scorpion (D)
  A howler monkey (D)
  A crimson imp (D)
  A hound (D)
  3 orc priests (D)
  2 orc wizards (D)
  An iguana (D)
  2 adders (D)
  A shadow imp (D)
  3 adder zombies (D)
  A dart slug (D)
  11 orcs (D)
  A bat skeleton (D)
  A ball python zombie (D)
  A frilled lizard (D)
  A kobold (D)
  2 rats (D)
  8 briar patches (D)
202 creatures vanquished.

Vanquished Creatures (others)
  A swamp drake (D)
  An ogre (D)
  2 briar patches (D)
4 creatures vanquished.

Grand Total: 206 creatures vanquished

Notes
Turn   | Place    | Note
-------+----------+-------------------------------------------
     0 | D        | equalderp2856 the Felid Fighter began the quest for the Orb.
     0 | D        | Reached XP level 1. HP: 10/10 MP: 2/2
    12 | D        | Reached skill level 5 in Unarmed Combat
    17 | D        | Noticed a howler monkey
    17 | D        | Noticed an orc priest
    17 | D        | Noticed an iguana
    22 | D        | Killed an iguana
    22 | D        | Reached skill level 5 in Dodging
    22 | D        | Reached skill level 6 in Unarmed Combat
    22 | D        | Reached XP level 2. HP: 15/15 MP: 3/3
    22 | D        | Reached XP level 3. HP: 18/18 MP: 4/4
    31 | D        | Reached skill level 7 in Unarmed Combat
    31 | D        | Reached XP level 4. HP: 14/22 MP: 5/5
    52 | D        | Reached skill level 1 in Stealth
    52 | D        | Reached skill level 8 in Unarmed Combat
   445 | D        | Found a roughly hewn altar of Beogh.
   445 | D        | Found a snail-covered altar of Cheibriados.
   445 | D        | Found a shadowy altar of Dithmenos.
   445 | D        | Found a white marble altar of Elyvilon.
   445 | D        | Found a blossoming altar of Fedhas.
   445 | D        | Found an opulent altar of Gozag.
   446 | D        | Found a hazy altar of Hepliaklqana.
   447 | D        | Found a viscous altar of Jiyva.
   448 | D        | Found an ancient bone altar of Kikubaaqudgha.
   449 | D        | Found a corrupted altar of Lugonu.
   450 | D        | Found a burning altar of Makhleb.
   451 | D        | Found a sparkling altar of Nemelex Xobeh.
   452 | D        | Found an iron altar of Okawaru.
   453 | D        | Found a stormy altar of Qazlal.
   454 | D        | Found a sacrificial altar of Ru.
   455 | D        | Found a deep blue altar of Sif Muna.
   456 | D        | Found a bloodstained altar of Trog.
   457 | D        | Found a hide-covered altar of Uskayaw.
   458 | D        | Found a radiant altar of Vehumet.
   459 | D        | Found a shimmering altar of Xom.
   460 | D        | Found a basalt altar of Yredelemnul.
   461 | D        | Found a glowing silver altar of Zin.
   462 | D        | Found a glowing golden altar of the Shining One.
   489 | D        | Noticed a bullfrog
   489 | D        | Noticed a bullfrog
   495 | D        | Reached skill level 5 in Fighting
   495 | D        | Reached skill level 9 in Unarmed Combat
   495 | D        | Reached XP level 5. HP: 26/26 MP: 6/6
   502 | D        | Reached skill level 10 in Unarmed Combat
   507 | D        | Gained mutation: You are covered in thick fur. (AC +2) [Felid growth]
   507 | D        | Reached XP level 6. HP: 24/31 MP: 7/7
   511 | D        | Reached skill level 11 in Unarmed Combat
   518 | D        | Noticed a shadow
   518 | D        | Noticed a slime creature
   518 | D        | Noticed a shadow
   518 | D        | Noticed a yak
   528 | D        | Killed a yak
   528 | D        | Reached skill level 5 in Stealth
   533 | D        | Killed a shadow
   533 | D        | Reached skill level 12 in Unarmed Combat
   533 | D        | Reached XP level 7. HP: 29/35 MP: 8/8
   636 | D        | Killed a slime creature
   636 | D        | Reached skill level 13 in Unarmed Combat
   763 | D        | Killed a shadow
   763 | D        | Reached skill level 10 in Dodging
   945 | D        | Noticed a blink frog
   945 | D        | Noticed an eight-headed hydra
   946 | D        | Noticed a rime drake
   947 | D        | Reached XP level 8. HP: 39/39 MP: 9/9
   948 | D        | Noticed a spiny frog
   950 | D        | Reached skill level 14 in Unarmed Combat
  1452 | D        | Slain by an eight-headed hydra
  1453 | D        | Reached XP level 7. HP: -1/35 MP: 8/8
  1462 | D        | Found Humixton's Assorted Antiques.
  1462 | D        | Noticed a two-headed ogre
  1462 | D        | Noticed an ogre mage
  1462 | D        | Noticed a two-headed ogre
  1462 | D        | Noticed a two-headed ogre
  1463 | D        | Noticed a two-headed ogre
  1467 | D        | Found Nix Jawk's General Store.
  1475 | D        | Killed an ogre mage
  1475 | D        | Reached skill level 15 in Unarmed Combat
  1475 | D        | Reached XP level 8. HP: 40/40 MP: 9/9
  1477 | D        | Killed a two-headed ogre
  1480 | D        | Killed a two-headed ogre
  1480 | D        | Reached skill level 16 in Unarmed Combat
  1483 | D        | Killed a two-headed ogre
  1483 | D        | Reached skill level 10 in Stealth
  1483 | D        | Reached XP level 9. HP: 43/43 MP: 10/10
  1493 | D        | Found Nill's Jewellery Shop.
  1496 | D        | Found Qeulaf's Book Boutique.
  1498 | D        | Noticed an ogre mage
  1499 | D        | Noticed an ogre mage
  1500 | D        | Noticed an ogre mage
  1507 | D        | Reached skill level 17 in Unarmed Combat
  1516 | D        | Killed an ogre mage
  1522 | D        | Killed an ogre mage
  1522 | D        | Reached skill level 18 in Unarmed Combat
  1522 | D        | Reached XP level 10. HP: 48/48 MP: 11/11
  1533 | D        | Killed an ogre mage
  1587 | D        | Noticed a stone giant
  1603 | D        | Killed a stone giant
  1603 | D        | Reached skill level 19 in Unarmed Combat
  1865 | D        | Noticed an orc sorcerer
  1869 | D        | Killed an orc sorcerer
  2168 | D        | Noticed Urug
  2175 | D        | Killed Urug
  2175 | D        | Reached skill level 20 in Unarmed Combat
  2210 | D        | Noticed Maurice
  2217 | D        | Killed Maurice
  2217 | D        | Reached XP level 11. HP: 52/52 MP: 12/12
  2255 | D        | Noticed a catoblepas
  2257 | D        | Noticed a death yak
  2265 | D        | Killed a catoblepas
  2276 | D        | Killed a death yak
  2276 | D        | Reached skill level 15 in Stealth
  2288 | D        | Noticed a death yak
  2289 | D        | Noticed an eight-headed hydra
  2290 | D        | Killed a death yak
  2298 | D        | Reached skill level 21 in Unarmed Combat
  3367 | D        | Bought a book of Minor Magic for 220 gold pieces
  3401 | D        | Learned a level 1 spell: Magic Dart
  3404 | D        | Learned a level 2 spell: Blink
  3407 | D        | Learned a level 2 spell: Repel Missiles
  3410 | D        | Learned a level 2 spell: Slow
  3414 | D        | Learned a level 3 spell: Conjure Flame
  3537 | D        | Noticed a five-headed hydra
  3538 | D        | Noticed a deep elf mage
  3542 | D        | Noticed an ettin
  3602 | D        | Killed a five-headed hydra
  3602 | D        | Reached skill level 1 in Spellcasting
  3602 | D        | Reached skill level 1 in Charms
  3684 | D        | Killed a deep elf mage
  4000 | D        | Killed an ettin
  4000 | D        | Reached skill level 1 in Air Magic
  4024 | D        | Noticed an ogre mage
  4034 | D        | Killed an ogre mage
  4044 | D        | Noticed a tengu warrior
  4056 | D        | Killed a tengu warrior
  4056 | D        | Reached skill level 15 in Dodging
  4056 | D        | Gained mutation: Your thick and shaggy fur keeps you warm. (AC +3, rC+) [Felid growth]
  4056 | D        | Reached XP level 12. HP: 37/56 MP: 15/18
  4188 | D        | Noticed a purple very ugly thing
  4190 | D        | Noticed a fire dragon
  4257 | D        | Noticed a fire dragon
  4509 | D        | Killed a purple very ugly thing
  4509 | D        | Reached skill level 22 in Unarmed Combat
  4509 | D        | Reached skill level 1 in Conjurations
  4509 | D        | Reached skill level 1 in Fire Magic
  4739 | D        | Killed a fire dragon
  4759 | D        | Killed a fire dragon
  5004 | D        | Noticed Rupert
  5063 | D        | Paralysed by Rupert for 2 turns
  5086 | D        | Killed Rupert
  5086 | D        | Reached skill level 5 in Spellcasting
  5172 | D        | Noticed a thorn hunter
  5485 | D        | Killed a thorn hunter
  5485 | D        | Reached skill level 1 in Translocations
  5667 | D        | Reached skill level 5 in Conjurations
  5667 | D        | Reached skill level 5 in Fire Magic
  6043 | D        | Killed an eight-headed hydra
  6268 | D        | Bought a book of Cantrips for 220 gold pieces
  6279 | D        | Learned a level 1 spell: Animate Skeleton
  6281 | D        | Learned a level 1 spell: Summon Small Mammal
  6531 | D        | Noticed an entropy weaver
  6621 | D        | Slain by a wolf spider
  6622 | D        | Reached XP level 11. HP: -1/53 MP: 22/22
  6884 | D        | Killed a wolf spider
  7040 | D        | Reached skill level 23 in Unarmed Combat
  7147 | D        | Killed an entropy weaver
  7147 | D        | Reached XP level 12. HP: 38/57 MP: 23/23
  7759 | D        | Noticed a naga warrior
  7759 | D        | Noticed a nagaraja
  7760 | D        | Noticed a naga warrior
  8041 | D        | Bought a book of Burglary for 825 gold pieces
  8050 | D        | Learned a level 2 spell: Passwall
  8084 | D        | Learned a level 2 spell: Swiftness
  8113 | D        | Bought a book of Maledictions for 275 gold pieces
  8265 | D        | Learned a level 1 spell: Corona
  8697 | D        | Killed a naga warrior
  9103 | D        | Killed a nagaraja
  9103 | D        | Reached skill level 1 in Hexes
  9658 | D        | Killed a naga warrior
  9850 | D        | Noticed a merfolk avatar
  9895 | D        | Killed a merfolk avatar
  9895 | D        | Reached skill level 5 in Hexes
 10372 | D        | Reached skill level 10 in Spellcasting
 10801 | D        | Noticed Donald
 11227 | D        | Killed Donald
 11543 | D        | Noticed a red very ugly thing
 11543 | D        | Noticed a stone giant
 11543 | D        | Noticed a frost giant
 11543 | D        | Noticed an ettin
 11545 | D        | Killed an ettin
 11545 | D        | Reached XP level 13. HP: 60/60 MP: 28/28
 11822 | D        | Killed a frost giant
 11829 | D        | Learned a level 4 spell: Passage of Golubria
 12147 | D        | Killed a red very ugly thing
 12500 | D        | Killed a stone giant
 12624 | D        | Noticed a stone giant
 12877 | D        | Reached skill level 5 in Translocations
 12962 | D        | Killed a stone giant
 13227 | D        | Reached skill level 10 in Hexes
 13243 | D        | Paralysed by a great orb of eyes for 4 turns
 13324 | D        | Noticed a red very ugly thing
 13325 | D        | Noticed a stone giant
 13326 | D        | Noticed an ettin
 13363 | D        | Killed a red very ugly thing
 13363 | D        | Reached skill level 24 in Unarmed Combat
 13372 | D        | HP: 2/60 [stone giant/large rock (47)]
 13742 | D        | Killed a stone giant
 13781 | D        | Killed an ettin
 13865 | D        | Noticed an ironheart preserver
 14062 | D        | Shot with an arrow by a centaur warrior
 14063 | D        | Reached XP level 12. HP: -16/57 MP: 28/30
 14228 | D        | Noticed Nikola
 14235 | D        | Killed Nikola
 14248 | D        | Noticed Agnes
 14258 | D        | Killed Agnes
 14258 | D        | Reached XP level 13. HP: 40/60 MP: 32/32
 14393 | D        | Noticed an ironheart preserver
 14399 | D        | HP: 3/60 [deep elf archer/arrow (23)]
 14903 | D        | Noticed an ironheart preserver
 14906 | D        | Noticed a fire giant
 15075 | D        | Killed an ironheart preserver
 15448 | D        | Killed an ironheart preserver
 15448 | D        | Reached skill level 15 in Spellcasting
 15943 | D        | Noticed an entropy weaver
 15944 | D        | Killed from afar by a fire giant
 15945 | D        | Reached XP level 12. HP: -20/58 MP: 32/32
 15961 | D        | Killed a centaur warrior
 16055 | D        | Killed an ironheart preserver
 16303 | D        | Reached skill level 10 in Conjurations
 16472 | D        | Noticed a centaur warrior
 16481 | D        | Killed a centaur warrior
 16538 | D        | Killed an entropy weaver
 16602 | D        | Killed a fire giant
 16718 | D        | Noticed an emperor scorpion
 16718 | D        | Noticed a ghost moth
 16718 | D        | Noticed an emperor scorpion
 16728 | D        | Noticed a ghost moth
 16762 | D        | Killed an emperor scorpion
 16762 | D        | Reached XP level 13. HP: 9/61 MP: 16/34
 16944 | D        | Killed a ghost moth
 16944 | D        | Reached skill level 15 in Hexes
 18190 | D        | Learned a level 2 spell: Ensorcelled Hibernation
 18205 | D        | Learned a level 6 spell: Invisibility
 19008 | D        | Killed an emperor scorpion
 19052 | D        | Killed a ghost moth
 19083 | D        | Noticed an emperor scorpion
 19084 | D        | Noticed an emperor scorpion
 19088 | D        | Got a gossamer rune of Zot
 19306 | D        | Killed an emperor scorpion
 19306 | D        | Reached skill level 1 in Ice Magic
 19521 | D        | Killed an emperor scorpion
 19648 | D        | Noticed a nagaraja
 19648 | D        | Noticed a nagaraja
 19648 | D        | Noticed a nagaraja
 19649 | D        | Noticed a nagaraja
 19896 | D        | Learned a level 3 spell: Confuse
 19935 | D        | Killed a nagaraja
 20074 | D        | Killed from afar by a nagaraja

Skill      XL: |  1  2  3  4  5  6  7  8  9 10 11 12 13 |
---------------+----------------------------------------+-----
Unarmed Combat | 6 7 9 10 12 15 16 18 20 23 22 24 | 24.9
Dodging        | 5 6 8 9 11 12 13 14 15 16 17 | 17.3
Fighting       | 4 5 6 7 8 9 |  9.8
Stealth        | 3 4 6 9 10 11 13 19 18 21 | 21.0
Spellcasting   | 7 16 17 | 17.3
Charms         | 2 3 4 |  4.5
Air Magic      | 1 |  1.7
Conjurations   | 10 9 | 10.3
Fire Magic     | 9 8 |  9.4
Translocations | 3 5 |  5.3
Hexes          | 14 16 | 16.5
Ice Magic      | 2 |  2.7

Action                   |  1- 3 |  4- 6 |  7- 9 | 10-12 | 13-15 || total
-------------------------+-------+-------+-------+-------+-------++-------
Melee: Unarmed           |    19 |    47 |    75 |   402 |   160 ||   703
       Bite              |     1 |     6 |     7 |    52 |    24 ||    90
       Punch             |       |     3 |     7 |    54 |    23 ||    87
 Cast: Repel Missiles    |       |       |       |     5 |     5 ||    10
       Magic Dart        |       |       |       |     4 |       ||     4
       Conjure Flame     |       |       |       |   113 |   116 ||   229
       Blink             |       |       |       |    12 |     1 ||    13
       Corona            |       |       |       |     9 |    19 ||    28
       Ensorcelled Hiber |       |       |       |       |    38 ||    38
       Swiftness         |       |       |       |       |     2 ||     2
       Passage of Golubr |       |       |       |       |     2 ||     2
       Invisibility      |       |       |       |       |     1 ||     1
  Use: Potion            |       |     1 |     1 |    14 |     1 ||    17
       Scroll            |       |       |       |     1 |     1 ||     2
 Stab: Sleeping          |     1 |     1 |     2 |    21 |     5 ||    30
       Distracted        |       |       |     1 |    15 |     4 ||    20
  Eat: Meat ration       |       |       |       |     4 |     2 ||     6
       Chunk             |       |       |       |     4 |       ||     4
Armor: Skin              |       |     2 |     1 |     5 |     3 ||    11
Dodge: Dodged            |    11 |    34 |    70 |   321 |   155 ||   591
       Deflected         |       |       |       |     8 |    13 ||    21
